 Dungeon Crawl Stone Soup version 0.23.2 (webtiles) character file.

Game seed: 9330645467300791496

77889 Fang the Fighter (level 15, -2/151 HPs)
             Began as a Gargoyle Berserker on Apr 8, 2019.
             Was the Champion of Trog.
             Slain by a spriggan berserker
             ... wielding a +0 flail
              (21 damage)
             ... on level 14 of the Dungeon.
             The game lasted 00:28:56 (19815 turns).

Fang the Fighter (Gargoyle Berserker)              Turns: 19815, Time: 00:28:57

Health: -2/151     AC: 40    Str: 32    XL:     15   Next: 58%
Magic:  8/15       EV: 15    Int:  6    God:    Trog [******]
Gold:   1365       SH:  0    Dex: 13    Spells: 14/14 levels left

rFire    + . .     SeeInvis +   J - +3 battleaxe (flame)
rCold    . . .     Gourm    .   (shield currently unavailable)
rNeg     + . .     Faith    .   b - +5 plate armour
rPois    ∞         Spirit   .   P - +0 hat "Hepp" {rF+ Stlth+}
rElec    +         Reflect  .   H - scarf {repulsion}
rCorr    .         Harm     .   M - +2 pair of gloves {archery}
MR       +....                  w - +2 pair of boots
Stlth    ..........             y - amulet of the acrobat
HPRegen  0.35/turn              j - +4 ring of dexterity
MPRegen  0.14/turn              N - ring "Ocyc" {+Fly rElec Int-2 SInv Stlth+}

@: berserking, flying, repel missiles, very quick
A: big wings, negative energy resistance 1, electricity resistance, unbreathing,
petrification resistance, rot immunity, AC +11
a: Stop Flying, Berserk, Trog's Hand, Brothers in Arms, Renounce Religion


You were on level 14 of the Dungeon.
You worshipped Trog.
Trog was exalted by your worship.
You were very hungry.

You visited 3 branches of the dungeon, and saw 21 of its levels.
You also visited: Gauntlet.

You collected 1365 gold pieces.

Inventory:

Hand Weapons
 a - a +1 war axe of draining
 J - a +3 battleaxe of flaming (weapon)
 L - a +1 antimagic war axe
 O - the +6 broad axe "Pisoc" {freeze, rF+ Str+4 Int-3}
   (Trog gifted it to you on level 13 of the Dungeon)

   It has been specially enchanted to freeze those struck by it, causing extra
   injury to most foes and up to half again as much damage against particularly
   susceptible opponents.
   It can also slow down cold-blooded creatures.
   It affects your strength (+4).
   It affects your intelligence (-3).
   It protects you from fire.
Armour
 b - a +5 plate armour (worn)
 g - a +2 cloak
 w - a +2 pair of boots (worn)
 H - a scarf of repulsion (worn)
 M - a +2 pair of gloves of archery (worn)
 P - the +0 hat "Hepp" (worn) {rF+ Stlth+}
   (You found it in a Gauntlet)

   It protects you from fire.
   It makes you more stealthy.
Jewellery
 j - a +4 ring of dexterity (left hand)
 k - a +3 ring of strength
 p - an uncursed ring of protection from fire
 y - an amulet of the acrobat (around neck)
 z - the ring "Upilanni" {rN++ MR+ Str+4 Int-2 Stlth-}
   (You took it off a skeletal warrior on level 13 of the Dungeon)

   [ring of attention]

   It affects your strength (+4).
   It affects your intelligence (-2).
   It greatly protects you from negative energy.
   It affects your resistance to hostile enchantments.
   It makes you less stealthy.
 A - an uncursed ring of ice
 N - the ring "Ocyc" (right hand) {+Fly rElec Int-2 SInv Stlth+}
   (You found it in a Gauntlet)

   [ring of flight]

   It affects your intelligence (-2).
   It insulates you from electricity.
   It lets you see invisible.
   It lets you fly.
   It makes you more stealthy.
Wands
 q - a wand of iceblast (8)
 x - a wand of digging (3)
 C - a wand of acid (19)
 K - a wand of polymorph (8)
 Q - a wand of enslavement (11)
Scrolls
 f - 12 scrolls of remove curse
 o - 5 scrolls of identify
 r - 4 scrolls of fear
 u - a scroll of fog
 B - 2 scrolls of magic mapping
 D - 2 scrolls of blinking
 E - 3 scrolls of teleportation
Potions
 d - 5 potions of curing
 e - a potion of cancellation
 h - 4 potions of brilliance
 i - 2 potions of resistance
 l - 4 potions of agility
 n - 3 potions of berserk rage
 s - 4 potions of might
 t - a potion of magic
 v - a potion of haste
 F - 9 potions of heal wounds
 G - a potion of ambrosia
 I - 2 potions of invisibility
Comestibles
 c - 36 rations
 m - 6 chunks of flesh


   Skills:
 + Level 14.8 Fighting
 + Level 12.7 Axes
 + Level 14.6 Armour
 + Level 11.7 Dodging


You had 14 spell levels left.
You didn't know any spells.
Your spell library was empty.

Dungeon Overview and Level Annotations

Branches:
Dungeon (14/15)            Temple (1/1) D:4            Lair (6/6) D:11
 Shoals (0/4) Lair:2       Spider (0/4) Lair:2        Slime (0/5) Lair:6
    Orc (0/2) D:12         Vaults (0/5) D:13

Altars:
Ashenzari
Cheibriados
Dithmenos
Kikubaaqudgha
Makhleb
Okawaru
Qazlal
Ru
Sif Muna
Trog
Uskayaw
Wu Jian
Yredelemnul
The Shining One
Beogh
Jiyva

Annotations:
Lair:4 exclusion: oklob plant


Innate Abilities, Weirdness & Mutations

You are resistant to torment.
Your stone body is resilient. (AC +11)
You are immune to poison.
Your large and strong wings let you fly indefinitely.
You resist negative energy. (rN+)
You are resistant to electric shocks. (rElec)
You can survive without breathing.
You are immune to petrification.
You are immune to rotting.


Message History

The elephant trunk-slaps you but does no damage.
The spriggan berserker hits you with a +0 flail!
* * * LOW HITPOINT WARNING * * *
Your iron troll bites the elephant!!
Your iron troll claws the elephant!
The elephant dies!
The elephant's corpse disappears in a puff of smoke!
The spriggan berserker hits you but does no damage.
You closely miss the spriggan berserker.
The spriggan berserker is severely wounded.
You slash the spriggan berserker! You burn the spriggan berserker.
The spriggan berserker hits you but does no damage.
Your iron troll bites the polar bear!
Your iron troll claws the polar bear!!
Your iron troll claws the polar bear!
The polar bear bites your iron troll.
The polar bear claws your iron troll but does no damage. x2
You barely miss the spriggan berserker.
The spriggan berserker is severely wounded.
You hit the polar bear. You burn the polar bear.
You closely miss the spriggan berserker.
The spriggan berserker hits you with a +0 flail!!
You die...

................♣
###########....♣♣ ..♣
#...♣♣ #.. ♣ #...♣
...#.. ###########...♣
.).. . ..............♣
#...#..
..............♣♣
.c#...♣
########.......♣♣i...(♣
#........@i.#..
#...#.....h......
#.>.##...§T§..###
#...########### #...#
#...# #...# .....


You could see 2 spriggan berserkers, a polar bear (berserk), a yaktaur shaped
shifter and a friendly iron troll (berserk).

Vanquished Creatures
  A fire giant (D:13)
  A reaper (Gauntlet)
  A minotaur (Gauntlet)
  Josephine (D:10)
  2 fire dragons
  8 hydras
  Erolcha (D:12)
  A ghost crab (Gauntlet)
  4 catoblepae
  2 centaur warriors (D:13)
  2 dancing weapons (D:13)
  4 two-headed ogres
  Urug (D:13)
  5 death yaks
  The ghost of frankcastle the Cleaver, a novice FoFi (D:9)
  A skeletal warrior (D:13)
  A fire crab (Lair:6)
  3 unseen horrors
  The ghost of jfcaron the Vexing, a novice OgTm (D:8)
  Pikel (D:7)
  A lindwurm (Lair:6)
  A wolf spider zombie (D:13)
  2 cyclopes
  2 ugly things
  5 black mambas
  9 elephants
  An elephant (shapeshifter) (D:13)
  3 centaur zombies
  2 molten gargoyles (Lair:6)
  Joseph (D:10)
  8 spiny frogs
  2 torpor snails
  2 rime drakes
  5 komodo dragons
  A kobold demonologist (D:14)
  A hellwing (Gauntlet)
  5 trolls
  3 meliai (D:13)
  A queen bee (D:13)
  2 jumping spiders (Lair:2)
  4 slime creatures
  2 hornets
  16 blink frogs
  A snapping turtle (Lair:2)
  7 hippogriffs
  5 dream sheep
  3 flying skulls (Gauntlet)
  Sigmund (D:2)
  A redback (Lair:2)
  56 yaks
  11 wraiths
  2 wyverns
  A steam dragon (Lair:6)
  8 vampire mosquitoes
  6 basilisks
  2 hungry ghosts
  Menkaure (D:5)
  Edmund (D:5)
  10 water moccasins
  3 hell hounds (Lair:6)
  6 orc warriors
  12 porcupines
  4 ice beasts
  2 necrophages
  A phantom (D:10)
  12 wolves
  7 ogres
  5 centaurs
  12 crocodiles
  A big kobold (D:7)
  11 bullfrogs
  A wyvern zombie (D:13)
  3 scorpions
  41 killer bees
  An electric eel (Lair:2)
  3 howler monkeys
  7 crimson imps
  2 bullfrog zombies
  5 lava snakes (Lair:6)
  2 jellies
  9 orc priests
  A quasit (D:9)
  4 centaur skeletons
  8 hounds
  11 orc wizards
  Crazy Yiuf (D:7)
  2 bullfrog skeletons
  12 worker ants
  6 iguanas
  Natasha (thrice) (D:2)
  Terence (D:3)
  2 hell rats (Lair:4)
  A hound zombie (D:10)
  3 hound skeletons
  A worker ant zombie (D:8)
  Robin (D:2)
  5 river rats (Lair:4)
  14 adders
  2 gnolls
  A shadow imp (D:5)
  2 oozes
  2 adder zombies (D:8)
  An adder skeleton (D:7)
  5 worms
  A dart slug (D:3)
  5 leopard geckos
  43 orcs
  3 giant cockroaches
  20 goblins
  10 hobgoblins
  9 kobolds
  4 quokkas
  A ball python (D:1)
  11 bats
  12 frilled lizards
  A jackal skeleton (D:3)
  A leopard gecko skeleton (D:4)
  A leopard gecko zombie (D:5)
  A quokka skeleton (D:3)
  21 rats
  6 fungi
  2 plants
  A withered plant (Gauntlet)
629 creatures vanquished.

Vanquished Creatures (collateral kills)
  A two-headed ogre (D:13)
  A spriggan berserker (D:14)
  2 ugly things (D:13)
  A black mamba (shapeshifter) (D:13)
  2 killer bees (D:13)
7 creatures vanquished.

Vanquished Creatures (others)
  An ice beast (D:7)
  2 slaves (D:7)
  A centaur (D:7)
  3 gnolls (D:7)
  An adder zombie (D:7)
  2 kobolds (D:7)
  A quokka (D:7)
  3 plants
  4 withered plants (Gauntlet)
18 creatures vanquished.

Grand Total: 654 creatures vanquished

Notes
Turn   | Place    | Note
-------+----------+-------------------------------------------
     0 | D:1      | Fang the Gargoyle Berserker began the quest for the Orb.
     0 | D:1      | Reached XP level 1. HP: 14/14 MP: 1/1
   348 | D:1      | Reached XP level 2. HP: 19/19 MP: 2/2
   447 | D:1      | Reached XP level 3. HP: 23/23 MP: 3/3
   744 | D:2      | Noticed Sigmund
   746 | D:2      | Reached ** piety under Trog
   978 | D:2      | Killed Sigmund
   978 | D:2      | Reached XP level 4. HP: 30/30 MP: 4/4
   978 | D:2      | Reached XP level 5. HP: 34/34 MP: 5/5
  1273 | D:2      | Noticed Natasha
  1281 | D:2      | Killed Natasha
  1281 | D:2      | Reached XP level 6. HP: 39/39 MP: 6/6
  1407 | D:2      | Noticed Natasha
  1423 | D:2      | Killed Natasha
  1488 | D:2      | Noticed Natasha
  1497 | D:2      | Killed Natasha
  1515 | D:2      | Found a basalt altar of Yredelemnul.
  1518 | D:2      | Found a hide-covered altar of Uskayaw.
  1521 | D:2      | Found a shattered altar of Ashenzari.
  1606 | D:3      | Noticed Robin
  1613 | D:3      | Noticed Terence
  1618 | D:2      | Killed Robin
  1618 | D:2      | Reached *** piety under Trog
  1758 | D:3      | Killed Terence
  1760 | D:3      | Reached skill level 5 in Fighting
  1762 | D:3      | Received a gift from Trog
  1762 | D:3      | Reached XP level 7. HP: 42/44 MP: 7/7
  1991 | D:3      | Found a faded altar of an unknown god.
  2429 | D:4      | Reached skill level 5 in Armour
  2703 | D:4      | Found a staircase to the Ecumenical Temple.
  2725 | Temple   | Entered the Ecumenical Temple
  3041 | D:4      | Reached XP level 8. HP: 51/51 MP: 8/8
  3183 | D:4      | Found a shadowy altar of Dithmenos.
  3183 | D:4      | Found an ancient bone altar of Kikubaaqudgha.
  3276 | D:5      | Entered Level 5 of the Dungeon
  3292 | D:5      | Reached **** piety under Trog
  3335 | D:5      | Noticed Menkaure
  3342 | D:5      | Killed Menkaure
  3490 | D:5      | Reached skill level 5 in Axes
  3494 | D:5      | Found a glowing golden altar of the Shining One.
  3525 | D:5      | Found a stormy altar of Qazlal.
  3640 | D:5      | Noticed Edmund
  3695 | D:5      | Killed Edmund
  4075 | D:5      | Found a burning altar of Makhleb.
  4567 | D:6      | Reached XP level 9. HP: 56/56 MP: 9/9
  4604 | D:6      | Found a bloodstained altar of Trog.
  4604 | D:6      | Found an iron altar of Okawaru.
  4651 | D:6      | Reached skill level 5 in Dodging
  5740 | D:7      | Noticed Pikel
  5760 | D:7      | Killed Pikel
  5760 | D:7      | Reached XP level 10. HP: 60/64 MP: 10/10
  6162 | D:7      | HP: 2/64 [ogre/+0 giant club (8)]
  6215 | D:7      | Noticed a two-headed ogre
  6236 | D:7      | HP: 3/97 [two-headed ogre/+0 giant spiked club (7)]
  6237 | D:7      | Killed a two-headed ogre
  6621 | D:7      | Found a snail-covered altar of Cheibriados.
  6698 | D:7      | Found an ornate altar of the Wu Jian Council.
  6766 | D:7      | Found a runed translucent door.
  6767 | D:7      | Noticed Crazy Yiuf
  6830 | D:7      | Killed Crazy Yiuf
  7473 | D:8      | Found a runed translucent gate.
  7473 | D:8      | Found a runed translucent gate.
  7473 | D:8      | Found a runed translucent gate.
  7473 | D:8      | Noticed jfcaron's ghost (novice OgTm)
  7629 | D:8      | Killed jfcaron's ghost
  8159 | D:9      | Reached XP level 11. HP: 71/71 MP: 11/11
  8345 | D:9      | Found a runed translucent door.
  8345 | D:9      | Noticed frankcastle's ghost (novice FoFi)
  8497 | D:9      | Found a sacrificial altar of Ru.
  8943 | D:9      | Found a deep blue altar of Sif Muna.
  9057 | D:9      | Killed frankcastle's ghost
  9057 | D:9      | Reached skill level 10 in Fighting
  9112 | D:10     | Entered Level 10 of the Dungeon
  9183 | D:10     | Noticed a two-headed ogre
  9192 | D:10     | Killed an unseen horror
  9196 | D:10     | Killed a two-headed ogre
  9196 | D:10     | Reached skill level 10 in Armour
  9252 | D:10     | Noticed Josephine
  9268 | D:10     | Killed Josephine
  9332 | D:10     | You fall through a shaft for 2 floors!
  9699 | D:12     | Noticed a green ugly thing
  9711 | D:12     | Reached XP level 12. HP: 65/79 MP: 12/12
  9717 | D:12     | Received a gift from Trog
  9784 | D:12     | Noticed Erolcha
  9785 | D:12     | Noticed a five-headed hydra
  9796 | D:12     | Killed Erolcha
  9803 | D:12     | Killed a 17-headed hydra
 10112 | D:12     | Identified a scroll of acquirement
 10215 | D:12     | Found a staircase to the Orcish Mines.
 10268 | D:12     | Found a roughly hewn altar of Beogh.
 10503 | D:11     | Found a shattered altar of Ashenzari.
 10564 | D:11     | Found a staircase to the Lair.
 10721 | D:11     | Reached ***** piety under Trog
 11119 | D:10     | Reached skill level 10 in Axes
 11224 | D:10     | Noticed Joseph
 11259 | D:10     | Killed Joseph
 11367 | Lair:1   | Entered Level 1 of the Lair of Beasts
 11872 | Lair:2   | Reached XP level 13. HP: 78/86 MP: 13/13
 12176 | Lair:2   | Received a gift from Trog
 12302 | Lair:2   | Found a hole to the Spider Nest.
 12592 | Lair:2   | Found a staircase to the Shoals.
 13615 | Lair:3   | Reached skill level 10 in Dodging
 14193 | Lair:4   | Received a gift from Trog
 14318 | Lair:4   | Gained mutation: Your large and strong wings let you fly
                  | indefinitely. [Gargoyle growth]
 14318 | Lair:4   | Reached XP level 14. HP: 81/94 MP: 14/14
 15560 | Lair:6   | Entered Level 6 of the Lair of Beasts
 15560 | Lair:6   | Found a gate leading to a gauntlet.
 15713 | Gauntlet | Entered a Gauntlet
 15713 | Gauntlet | Found a transporter.
 15713 | Gauntlet | Found a transporter.
 15713 | Gauntlet | Found a transporter.
 15713 | Gauntlet | Found a transporter.
 15869 | Gauntlet | Found a transporter.
 15917 | Gauntlet | Found a transporter.
 15926 | Gauntlet | Noticed a reaper
 15941 | Gauntlet | Found a transporter.
 15941 | Gauntlet | Found a transporter.
 16031 | Gauntlet | Killed a reaper
 16260 | Gauntlet | Found a transporter.
 16384 | Gauntlet | Got a flickering glass ring
 16393 | Gauntlet | Found a transporter.
 16443 | Gauntlet | Got an ancient hat
 16443 | Gauntlet | Got a scorched ring mail
 16445 | Gauntlet | Identified the Tome of the Voyage
 16484 | Lair:6   | Identified the cursed +1 ring mail "Dacsaesa" {-Tele +Fly
                  | Stlth+} (You found it in a Gauntlet)
 16501 | Lair:6   | Identified the +0 hat "Hepp" {rF+ Stlth+} (You found it in
                  | a Gauntlet)
 16592 | Lair:6   | Found a viscous altar of Jiyva.
 16593 | Lair:6   | Found a staircase to the Slime Pits.
 16882 | Lair:6   | Identified the ring "Ocyc" {+Fly rElec Int-2 SInv Stlth+}
                  | (You found it in a Gauntlet)
 17098 | Lair:6   | Found a large runed translucent door.
 17099 | Lair:6   | Found a large runed translucent door.
 17333 | Lair:6   | Reached ****** piety under Trog
 18221 | Lair:6   | Reached XP level 15. HP: 100/100 MP: 15/15
 18437 | D:13     | Noticed Urug
 18457 | D:13     | Killed Urug
 18892 | D:13     | Found a gate to the Vaults.
 19204 | D:13     | Received a gift from Trog
 19207 | D:13     | Got an ancient broad axe {god gift}
 19208 | D:13     | Identified the +6 broad axe "Pisoc" {freeze, rF+ Str+4
                  | Int-3} (Trog gifted it to you on level 13 of the Dungeon)
 19278 | D:13     | Noticed a fire giant
 19289 | D:13     | Killed a fire giant
 19304 | D:13     | Identified the ring "Upilanni" {rN++ MR+ Str+4 Int-2
                  | Stlth-}
 19805 | D:14     | Found the +8 Wrath of Trog {antimagic, *Rage}
 19815 | D:14     | Slain by a spriggan berserker

Skill      XL: |  1  2  3  4  5  6  7  8  9 10 11 12 13 14 |
---------------+-------------------------------------------+-----
Axes           | 3 4 5 6 8 9 10 11 12 | 12.7
Dodging        | 2 3 4 6 7 8 9 10 11 | 11.7
Fighting       | 4 5 6 8 9 10 12 13 14 | 14.8
Armour         | 3 4 5 6 7 9 10 11 12 14 | 14.6

Action                   |  1- 3 |  4- 6 |  7- 9 | 10-12 | 13-15 || total
-------------------------+-------+-------+-------+-------+-------++-------
Melee: Hand axe          |    58 |   160 |   833 |    72 |       ||  1123
       War axe           |       |       |       |   623 |     6 ||   629
       Battleaxe         |       |       |       |    55 |   895 ||   950
Invok: Berserk           |     1 |     2 |     8 |    10 |    13 ||    34
       Trog's Hand       |       |       |     3 |     2 |     3 ||     8
       Brothers in Arms  |       |       |       |       |     2 ||     2
 Abil: Fly               |       |       |       |       |     1 ||     1
  Use: Scroll            |       |       |    15 |    14 |    11 ||    40
       Potion            |       |       |     4 |     1 |     1 ||     6
 Stab: Petrified         |       |       |       |       |     3 ||     3
  Eat: Chunk             |       |     5 |    19 |    31 |    36 ||    91
       Ration            |       |       |     1 |     1 |     2 ||     4
Armor: Plate armour      |    46 |   178 |   792 |   792 |   802 ||  2610
       Animal skin       |     1 |       |       |       |       ||     1
Dodge: Dodged            |    27 |    94 |   207 |   706 |   832 ||  1866
       Deflected         |       |       |       |       |     8 ||     8
